 Dungeon Crawl Stone Soup version 0.27.1-1-g398f81649c (webtiles) character file.

Game seed: 7365691212034028878

11942 ABBCCCDDDD the Geomancer (level 11, -2/97 HPs)
             Began as an Octopode Earth Elementalist on Sept 7, 2021.
             Was an Initiate of Gozag.
             Killed by divine providence
             ... invoked by a meliai
              (12 damage)
             ... in a Gauntlet.
             The game lasted 01:07:29 (23023 turns).

ABBCCCDDDD the Geomancer (OpEE)                    Turns: 23023, Time: 01:07:30

Health: -2/97      AC: 26    Str:  8    XL:     11   Next: 85%
Magic:  13/20      EV: 12    Int: 23    God:    Gozag
Gold:   999        SH:  0    Dex: 12    Spells: 4/22 levels left

rFire    . . .     SeeInvis .   e - +7 short sword of the Fray {freeze, rN+ rCorr Int+2}
rCold    . . .     Faith    .   (no shield)
rNeg     + + .     Spirit   .   (helmet restricted)
rPois    ∞         Reflect  .   (no amulet)
rElec    +         Harm     .   J - ring of willpower
rCorr    +         Rampage  .   N - ring of willpower
Will     ++...     NoTele   +   (no ring)
Stlth    ++++......             (no ring)
HPRegen  0.26/turn              (no ring)
MPRegen  0.17/turn              (no ring)
                                (no ring)
                                (no ring)

@: statue-form, hasted
A: slow and powerful, torment resistance 1, boosted hp, almost no armour,
amphibious, 8 rings, camouflage 1, (gelatinous body 1), (nimble swimmer 1),
tentacles
a: End Transformation, Renounce Religion, Potion Petition, Call Merchant, Bribe
Branch


You were in a Gauntlet.
You worshipped Gozag.
Gozag was pleased with you.
You were a living statue of rough stone.
You visited 3 branches of the dungeon, and saw 14 of its levels.
You also visited: Ossuary and Gauntlet.

You collected 1815 gold pieces.
You spent 571 gold pieces at shops.
You paid 245 gold pieces to Gozag.

Inventory:

Hand Weapons
 e - the +7 short sword of the Fray (weapon) {freeze, rN+ rCorr Int+2}
   (You found it on level 11 of the Dungeon)

   It freezes those it strikes, dealing additional cold damage.
   It can also slow down cold-blooded creatures.
   Int:       It affects your intelligence (+2).
   rN:        It protects you from negative energy.
   rCorr:     It protects you from acid and corrosion.
 j - a +0 hunting sling
 E - a +2 trident of venom
 F - a +2 mace of venom
 M - a +1 rapier of venom
Missiles
 b - 436 stones
 c - 13 poisoned darts (quivered)
 h - 141 sling bullets
 x - 8 curare-tipped darts
 C - 6 javelins
Magical Staves
 s - a staff of conjuration
Jewellery
 z - a ring of fire
 G - a ring of ice
 I - an amulet of faith
 J - a ring of willpower (left tentacle)
 N - a ring of willpower (right tentacle)
Wands
 w - a wand of flame (43)
 K - a wand of polymorph (10)
 O - a wand of digging (6)
Scrolls
 g - a scroll of fog
 i - 2 scrolls of amnesia
 o - 3 scrolls of teleportation
 q - 2 scrolls of magic mapping
 t - 3 scrolls of vulnerability
 v - 2 scrolls of enchant armour
 y - 2 scrolls of holy word
 A - 3 scrolls of torment
 B - a scroll of enchant weapon
 D - a scroll of immolation
 L - 2 scrolls of silence
 S - a scroll of identify
Potions
 a - 2 potions of cancellation
 k - a potion of might
 l - 7 potions of curing
 n - a potion of ambrosia
 p - 2 potions of brilliance
 r - 3 potions of flight
 H - a potion of berserk rage {unknown}
 P - a potion of magic {unknown}
 Q - 5 potions of lignification {unknown}


   Skills:
 - Level 7.0 Fighting
 - Level 2.2 Short Blades
 - Level 2.0 Dodging
 - Level 6.0 Stealth
 - Level 6.0 Spellcasting
 - Level 5.2 Conjurations
 + Level 9.6 Transmutations
 + Level 10.5 Earth Magic
 - Level 4.0 Evocations


You had 4 spell levels left.
You knew the following spells:

 Your Spells              Type           Power      Damage    Failure   Level
a - Sandblast             Erth           100%       2d20      1%          1
b - Stone Arrow           Conj/Erth      86%        3d12      1%          3
c - Searing Ray           Conj           62%        3d5       1%          2
d - Petrify               Tmut/Erth      52%        N/A       1%          4
e - Passwall              Tmut/Erth      43%        N/A       1%          2
f - Statue Form           Tmut/Erth      34%        N/A       21%         6

Your spell library contained the following spells:

 Spells                   Type           Power      Damage    Failure   Level
 Magic Dart               Conj           100%       1d8       1%          1
 Shock                    Conj/Air       72%        1d7       3%          1
 Ice Form                 Ice/Tmut       29%        N/A       12%         4
 Portal Projectile        Hex/Tloc       12%        N/A       26%         3
 Summon Guardian Golem    Hex/Summ       6%         N/A       26%         3
 Swiftness                Air            6%         N/A       26%         3
 Fulminant Prism          Conj/Hex       9%         3d7       28%         4
 Hailstorm                Conj/Ice       18%        3d6       28%         4
 Airstrike                Air            3%         N/A       63%         4
 Blade Hands              Tmut           25%        N/A       4%          5
 Excruciating Wounds      Necr           3%         N/A       93%         5
 Simulacrum               Ice/Necr       3%         N/A       100%        6
 Orb of Destruction       Conj           15%        9d7       100%        7
 Spellforged Servitor     Conj/Summ      9%         N/A       100%        7


Dungeon Overview and Level Annotations

Branches:
Dungeon (12/15)            Temple (1/1) D:5            Lair (1/6) D:11
Ossuary (visited)         Gauntlet (1/1)
    Orc: D:9-12

Altars:
Ashenzari
Cheibriados
Dithmenos
Elyvilon
Fedhas
Gozag
Hepliaklqana
Kikubaaqudgha
Makhleb
Nemelex Xobeh
Okawaru
Qazlal
Ru
Sif Muna
Trog
Uskayaw
Vehumet
Wu Jian
Xom
Yredelemnul
Zin
The Shining One

Shops:
D:4 *   D:7 *   D:8 *   D:9 *

Annotations:
D:5 2 transporters, exclusion: downstairs, Borgon's ghost, weakling HODe
D:8 Joseph
D:11 exclusions: acid dragon and killer bee
D:12 exclusion: hydra Gauntlet 11 transporters, 1 runed translucent door


Innate Abilities, Weirdness & Mutations

You are a living statue of rough stone.
Your actions are slow, but your melee attacks are powerful.
You are resistant to unholy torment.
Your maximum health is greatly increased.
You are immune to poison.
You cannot wear most types of armour.
You are amphibious.
You can wear up to eight rings at the same time.
Your skin changes colour to match your surroundings (Stealth+).
((Your rubbery body absorbs attacks. (AC +1, EV +1)))
((You are camouflaged near water. (Stealth+)))
You have tentacles for arms and can constrict up to eight enemies at once.


Message History

You assume a fearsome visage.
The meliai looks frightened!
Cornered, the meliai turns to fight!
Casting: Searing Ray (safe; 1% risk of failure)
Confirm with . or Enter, or press ? or * to list all spells.
Okay, then.
You feel better. The meliai closely misses you. The meliai stings you.
* * * LOW HITPOINT WARNING * * *
The meliai closely misses you.
The meliai stings you but does no damage.
As you read the scroll of fear, it crumbles to dust.
You assume a fearsome visage.
The meliai looks frightened!
Cornered, the meliai turns to fight!
Casting: Searing Ray (safe; 1% risk of failure)
Confirm with . or Enter, or press ? or * to list all spells.
Okay, then.
You feel better. The meliai hits you but does no damage.
The meliai barely misses you. The meliai hits you but does no damage.
The meliai stings you but does no damage.
You feel yourself speed up. The meliai hits you but does no damage.
The meliai stings you but does no damage.
The meliai misses you.
The meliai stings you but does no damage.
The meliai hits you but does no damage.
The meliai stings you but does no damage.
You miss the meliai. You grab the meliai.
The meliai is heavily wounded.
You constrict the meliai, but do no damage.
The meliai closely misses you. x2
The meliai hits you with a +0 broad axe!
* * * LOW HITPOINT WARNING * * *
The meliai stings you but does no damage.
You puncture the meliai! You freeze the meliai.
The meliai is almost dead.
You constrict the meliai, but do no damage.
The meliai hits you but does no damage.
The meliai stings you but does no damage.
The meliai invokes the aid of its god against you.
Something smites you!
You die...
Your body crumbles into a pile of gold.

###############
#≈#§#≈#§#≈#≈#§#
≈.§.§.....§....
##.8.....8.....8.
§...............
##...#########...
#≈...#.y$....#...#..#.
##...#.#8###[#####..##.
#≈...#.#..≈#}#...#..#..##
##§8©#.#.©≈#©#©8©#..##©^#
#§...#.#..≈#!#...#..#..##
##§..#.#+###.#####Z.##.^#
#≈...#.......#...#Z.#..##
##§..#########...#kZ.#...
#§§..............########
##.8.....8.....8.........


You could see a meliai.

Levels and vault maps discovered:
D:1:      matt_arrival_spirals, layout_rooms
D:2:      layout_loops_ring
D:3:      layout_loops_corners, chequers_ecumenical_altar_grove
D:4:      layout_rooms, nicolae_shop_overcharged_wands, uniq_eustachio
D:5:      layout_basic, mainiacjoe_overflow_tiny_flanked,
          minmay_temple_entry_from_below_a, gammafunk_ghost_mausoleum,
          hangedman_decor_peaks_small
D:6:      layout_gridville, trog_butcher_becter, enter_ossuary_2,
          chequers_serial_rivers_room_a, uniq_pikel
D:7:      layout_basic, grunt_temple_overflow_diamond, nicolae_elemental_shop,
          corexii_corridor_pit
D:8:      layout_basic, grunt_temple_overflow_holy_war,
          mainiacjoe_overflow_cross_hatched, mainiacjoe_overflow_brackets,
          serial_shops, shop, uniq_grum, uniq_joseph
D:9:      minmay_the_grid_plus_closed [minmay_the_grid_minigrid_medium,
          minmay_the_grid_eight, minmay_the_grid_diamond_grid,
          minmay_the_grid_dragon_b, minmay_the_grid_prize_shrinking_boxes],
          layout_irregular_city, nemelex_diamond_rough_becter, serial_shops,
          nicolae_shop_crystal, grunt_decor_junction, hangedman_glass_teeth,
          kennysheep_generic_room_3
D:10:     layout_irregular_city, serial_ice, serial_ice_n, serial_ice_b,
          serial_ice_c, serial_ice_i
D:11:     layout_roguey, erik_lair_island, special_room [special_room_bee]
D:12:     layout_long_grid, david_orc_4, serial_glass, glass_columns_b,
          glass_columns_b, due_unseen_surprise, item_on_display_a,
          feat_on_display
Temple:   hc_temple_tempest_star
Lair:1:   layout_regular_city, gauntlet_entry_generic, beast_lair_carwin_10
Gauntlet: minmay_gauntlet_mixed_oops_all_seconds
          [minmay_gauntlet_arena_77_shame_cube, nicolae_gauntlet_arena_quarters,
          minmay_gauntlet_arena_77_broken_ladder,
          gammafunk_gauntlet_arena_teeth, minmay_gauntlet_arena_77_squiggly,
          gammafunk_gauntlet_arena_corners,
          nicolae_gauntlet_exit_dead_adventurers]

Notes
Turn   | Place    | Note
-------+----------+-------------------------------------------
     0 | D:1      | ABBCCCDDDD the Octopode Earth Elementalist began the quest
                  | for the Orb.
     0 | D:1      | Reached XP level 1. HP: 11/11 MP: 3/3
   258 | D:1      | Reached XP level 2. HP: 15/18 MP: 5/5
   551 | D:1      | Reached skill level 1 in Fighting
   719 | D:1      | Reached XP level 3. HP: 15/23 MP: 6/6
  1155 | D:2      | Learned a level 3 spell: Stone Arrow
  1608 | D:2      | Reached XP level 4. HP: 9/28 MP: 4/7
  2427 | D:2      | Reached skill level 1 in Conjurations
  3033 | D:3      | Found a faded altar of an unknown god.
  3484 | D:3      | Reached XP level 5. HP: 34/34 MP: 8/8
  3813 | D:4      | Noticed a black bear
  3846 | D:4      | Noticed an ice beast
  3896 | D:4      | Reached skill level 1 in Short Blades
  3896 | D:4      | Found Zoih's Overcharged Wands.
  4070 | D:5      | Entered Level 5 of the Dungeon
  4300 | D:5      | Learned a level 2 spell: Searing Ray
  4332 | D:5      | Found a staircase to the Ecumenical Temple.
  4345 | D:5      | Reached skill level 4 in Earth Magic
  4345 | D:5      | Reached XP level 6. HP: 37/39 MP: 3/9
  4562 | D:4      | Noticed Eustachio
  4818 | D:5      | Found a stormy altar of Qazlal.
  4829 | D:5      | Reached skill level 5 in Stealth
  4929 | D:5      | Found a transporter.
  4940 | D:5      | Found a transporter.
  4940 | D:5      | Noticed Borgon's ghost (weakling HODe)
  5493 | D:6      | Noticed Pikel
  5557 | D:6      | Learned a level 4 spell: Petrify
  5589 | D:6      | Found a sand-covered staircase.
  5594 | Ossuary  | Entered an ossuary
  5620 | Ossuary  | Reached skill level 1 in Evocations
  5620 | Ossuary  | Reached XP level 7. HP: 40/45 MP: 4/10
  7554 | Ossuary  | Reached XP level 8. HP: 45/52 MP: 3/12
  8658 | D:6      | Reached skill level 5 in Earth Magic
  9287 | D:6      | Found a bloodstained altar of Trog.
  9399 | D:6      | You fall into a shaft and drop 3 floors!
  9399 | D:9      | Noticed a yak
  9613 | D:7      | Found Pevuwodd's Elemental Accessories.
 10628 | Temple   | Entered the Ecumenical Temple
 10859 | Temple   | Became a worshipper of Gozag Ym Sagoz the Greedy
 10959 | D:6      | Killed Pikel
 10960 | D:6      | Reached skill level 5 in Fighting
 10960 | D:6      | Reached skill level 5 in Conjurations
 10960 | D:6      | Reached XP level 9. HP: 61/61 MP: 5/15
 10963 | D:6      | Learned a level 2 spell: Passwall
 12368 | D:4      | Killed Eustachio
 12989 | D:6      | Reached skill level 5 in Transmutations
 12993 | D:6      | Identified the +1 robe "Giczoc" {rElec rPois rF- rC+}
 13067 | D:6      | Reached skill level 5 in Spellcasting
 13067 | D:6      | Reached skill level 6 in Earth Magic
 13261 | D:7      | Found a blossoming altar of Fedhas.
 13264 | D:7      | Found a hide-covered altar of Uskayaw.
 13269 | D:7      | Found a hazy altar of Hepliaklqana.
 14308 | D:8      | Found Ohukh's Assorted Antiques.
 14426 | D:8      | Bought a scroll labelled RUDOKUA ASSI WOO for 29 gold
                  | pieces
 14469 | D:8      | Noticed Grum
 14477 | D:8      | Reached XP level 10. HP: 44/66 MP: 4/17
 14478 | D:8      | Reached skill level 7 in Earth Magic
 14482 | D:8      | Killed Grum
 15133 | D:8      | Noticed Joseph
 15153 | D:8      | Found a glowing golden altar of the Shining One.
 15156 | D:8      | Noticed an angel
 15177 | D:8      | Found a basalt altar of Yredelemnul.
 15179 | D:8      | Noticed a profane servitor
 15461 | D:8      | Found a burning altar of Makhleb.
 15576 | D:8      | Found a glowing silver altar of Zin.
 16260 | D:7      | Bought the Compendium of the Rocks for 364 gold pieces
 16267 | D:7      | Learned a level 6 spell: Statue Form
 16396 | D:10     | Entered Level 10 of the Dungeon
 16855 | D:9      | Reached skill level 8 in Earth Magic
 17088 | D:9      | Found a sparkling altar of Nemelex Xobeh.
 17101 | D:9      | Found Vugguaf's Assorted Antiques.
 17200 | D:9      | Noticed a two-headed ogre
 17217 | D:9      | Killed a two-headed ogre
 17332 | D:9      | Bought a brown potion for 27 gold pieces
 17332 | D:9      | Bought a lumpy amethyst potion for 27 gold pieces
 17332 | D:9      | Bought a copper wand for 124 gold pieces
 17790 | D:9      | Noticed a frost giant
 18737 | D:10     | Reached XP level 11. HP: 74/74 MP: 13/20
 19097 | D:10     | Reached skill level 9 in Earth Magic
 21075 | D:11     | Found a staircase to the Lair.
 21718 | D:11     | Reached skill level 10 in Earth Magic
 21998 | D:11     | Identified the +7 short sword of the Fray {freeze, rN+
                  | rCorr Int+2}
 22166 | D:12     | Noticed a six-headed hydra
 22353 | D:12     | Noticed a manticore
 22451 | Lair:1   | Entered Level 1 of the Lair of Beasts
 22697 | Lair:1   | Found a gate leading to a gauntlet.
 22753 | Gauntlet | Entered a Gauntlet
 22753 | Gauntlet | Found a transporter.
 22756 | Gauntlet | Noticed a wizard
 22795 | Gauntlet | Noticed a wizard
 22854 | Gauntlet | Found a transporter.
 22856 | Gauntlet | Found a transporter.
 22856 | Gauntlet | Noticed a dire elephant
 22857 | Gauntlet | Found a transporter.
 22860 | Gauntlet | Found a transporter.
 22861 | Gauntlet | Found a transporter.
 22866 | Gauntlet | Noticed a death drake
 22868 | Gauntlet | a death drake changed into something unseen
 22873 | Gauntlet | Found a transporter.
 22873 | Gauntlet | Noticed a death drake
 22889 | Gauntlet | Noticed a death drake
 22890 | Gauntlet | Noticed a fire crab
 22890 | Gauntlet | a death drake changed into a fire crab
 22893 | Gauntlet | Found a transporter.
 22898 | Gauntlet | Found a transporter.
 22898 | Gauntlet | Noticed a harpy
 22898 | Gauntlet | a yak changed into a harpy
 22901 | Gauntlet | a harpy changed into a black bear
 22902 | Gauntlet | Found a transporter.
 22903 | Gauntlet | a fire crab changed into a black mamba
 22906 | Gauntlet | Found a runed translucent door.
 22906 | Gauntlet | Found a runed translucent door.
 22910 | Gauntlet | Found a transporter.
 22947 | Gauntlet | Found a transporter.
 22968 | Gauntlet | Noticed a death drake
 22969 | Gauntlet | a death drake changed into a redback
 23023 | Gauntlet | Killed from afar by a meliai

Table legend: (Time is in decaauts)
 A = Elapsed time spent in this place.
 B = Non-inter-level travel time spent in this place.
 C = Inter-level travel time spent in this place.
 D = Time resting spent in this place.
 E = Time spent auto-exploring this place.
 F = Levels seen in this place.
 G = Mean time per level.
                   A        B        C        D        E       F      G
               +--------+--------+--------+--------+--------+-----+--------+
         Total |  23092 |  21976 |   1116 |  10976 |   4899 |  16 | 1443.2 |
       Dungeon |  19229 |  18159 |   1070 |   8295 |   4715 |  12 | 1602.4 |
        Temple |    243 |    197 |     46 |      0 |    184 |   1 |  243.0 |
          Lair |    330 |    330 |      0 |    102 |      0 |   1 |  330.0 |
       Ossuary |   3006 |   3006 |      0 |   2487 |      0 |   1 | 3006.0 |
      Gauntlet |    282 |    282 |      0 |     92 |      0 |   1 |  282.0 |
               +--------+--------+--------+--------+--------+-----+--------+

Top non-repeatable levels by time:
 Ossuary: 3006 daAuts
    D:10: 2993 daAuts
     D:6: 2580 daAuts
     D:9: 2086 daAuts
     D:8: 1752 daAuts
     D:4: 1725 daAuts
     D:5: 1617 daAuts
     D:2: 1571 daAuts
    D:11: 1204 daAuts
     D:3: 1134 daAuts
     D:1: 1115 daAuts
     D:7: 1090 daAuts
    D:12: 357 daAuts
  Lair:1: 330 daAuts
Gauntlet: 282 daAuts

Table legend:
 A = Kills in this place as a percentage of kills in entire the game.
 B = Kills by you in this place as a percentage of kills by you in the entire game.
 C = Kills by friends in this place as a percentage of kills by friends in the entire game.
 D = Other kills in this place as a percentage of other kills in the entire game.
 E = Experience gained in this place as a percentage of experience gained in the entire game.
 F = Experience gained in this place divided by the number of levels of this place that you have seen.
                   A       B       C       D       E      F
               +-------+-------+-------+-------+-------+----------------------
         Total | 100.0 | 100.0 |   N/A |   N/A | 100.0 | 1066.3
       Dungeon |  83.6 |  83.6 |   N/A |   N/A |  80.1 | 1138.6
          Lair |   4.5 |   4.5 |   N/A |   N/A |  10.3 | 1759.0
       Ossuary |  11.2 |  11.2 |   N/A |   N/A |   6.0 | 1031.0
      Gauntlet |   0.7 |   0.7 |   N/A |   N/A |   3.6 | 608.0
               +-------+-------+-------+-------+-------+----------------------

Action                   |  1- 3 |  4- 6 |  7- 9 | 10-12 || total
-------------------------+-------+-------+-------+-------++-------
Melee: Unarmed           |    19 |       |       |       ||    19
       Short sword       |    30 |    87 |    54 |   149 ||   320
       Constrict         |    13 |    20 |     7 |    18 ||    58
       Tentacles         |     7 |    14 |    12 |    29 ||    62
Throw: Dart              |       |       |    29 |    33 ||    62
       Stone             |       |       |       |     2 ||     2
 Cast: Sandblast         |    23 |    15 |       |       ||    38
       Searing Ray       |       |     8 |    61 |    48 ||   117
       Stone Arrow       |       |       |    15 |    57 ||    72
       Petrify           |       |       |    24 |    47 ||    71
       Statue Form       |       |       |       |     2 ||     2
Evoke: Wand              |       |     3 |     6 |    41 ||    50
  Use: Scroll            |       |       |    16 |    12 ||    28
       Potion            |       |       |     4 |     6 ||    10
 Stab: Sleeping          |     6 |    11 |       |       ||    17
       Distracted        |       |     1 |       |       ||     1
       Petrified         |       |       |    24 |   104 ||   128
Armor: Skin              |     6 |     2 |     4 |    76 ||    88
Dodge: Dodged            |    29 |    76 |    43 |   125 ||   273

Vanquished Creatures
  A two-headed ogre (D:9)
  Pikel (D:6)
  2 komodo dragons
  2 trolls
  2 meliai (Gauntlet)
  A polar bear (D:10)
  2 centaur simulacra (D:10)
  12 yaks
  A vampire (D:11)
  Grum (D:8)
  Eustachio (D:4)
  A wraith (D:10)
  An acid dragon (D:10)
  A water moccasin (Lair:1)
  A hornet zombie (D:7)
  5 ice beasts
  8 orc warriors
  2 sky beasts
  An ogre (D:5)
  A black bear (D:4)
  15 wolves
  2 centaurs (D:10)
  A phantom (D:5)
  2 bullfrogs
  A gnoll sergeant (D:8)
  A kobold brigand (D:6)
  10 scorpions
  2 killer bees
  3 electric eels
  4 wights
  3 howler monkeys (D:10)
  2 jellies
  A bullfrog zombie (D:5)
  9 centaur zombies
  3 orc priests
  9 hounds
  A human zombie (Ossuary)
  A scorpion zombie (Ossuary)
  A bullfrog skeleton (D:4)
  5 iguanas
  8 orc wizards
  3 mummies (Ossuary)
  2 howler monkey skeletons
  3 gnolls (D:8)
  7 adders
  A howler monkey simulacrum (D:10)
  2 white imps (D:10)
  An ufetubus (D:10)
  2 adder skeletons
  A worm (D:2)
  3 dart slugs
  29 orcs
  7 bats
  7 endoplasms
  5 giant cockroaches
  4 gnoll zombies (Ossuary)
  8 hobgoblins
  4 jackals (D:2)
  12 kobolds
  5 quokkas
  10 ball pythons
  A frilled lizard (D:2)
  7 goblins
  2 hobgoblin zombies (Ossuary)
  3 kobold zombies (Ossuary)
  4 orc zombies (Ossuary)
  5 rats
269 creatures vanquished.

Vanquished Creatures (others)
  4 fungi (Lair:1)
  6 plants (Lair:1)
10 creatures vanquished.

Grand Total: 279 creatures vanquished
